 Dungeon Crawl Stone Soup version 0.29.0-7-g18a832c13a (webtiles) character file.

Game seed: 5916580325118674731

981 SnakkuSnakku7 the Shooter (level 8, -2/57 HPs)
             Began as a Merfolk Air Elementalist on Aug 30, 2022.
             Was an Initiate of Ru.
             Slain by a killer bee (5 damage)
             ... on level 5 of the Dungeon.
             The game lasted 00:08:04 (5261 turns).

SnakkuSnakku7 the Shooter (MfAE)                    Turns: 5261, Time: 00:08:09

Health: -2/57      AC: 10    Str:  8    XL:     8   Next: 17%
Magic:  11/11      EV: 11    Int: 15    God:    Ru [......]
Gold:   130        SH:  3    Dex: 16    Spells: 11/11 levels left

rFire   + . .      SeeInvis .   h - +2 dagger (venom)
rCold   . . .      Faith    .   c - +0 buckler
rNeg    + . .      Spirit   .   E - +2 leather armour of the Clean God {Slay+3}
rPois   .          Reflect  .   s - +0 helmet "Sacsek" {rN+}
rElec   .          Harm     .   f - +2 cloak
rCorr   +          Rampage  .   (no gloves)
Will    .....                   A - +0 pair of boots
Stlth   ++........              k - amulet of regeneration
HPRegen 0.99/turn               t - ring of resist corrosion
MPRegen 0.12/turn               g - ring of protection from fire

@: lethally poisoned (-2 -> -6)
A: (nimble swimmer 2), mertail
a: Renounce Religion


You were on level 5 of the Dungeon.
You worshipped Ru.
Ru was noncommittal.
You visited 1 branch of the dungeon, and saw 5 of its levels.

You collected 276 gold pieces.
You spent 146 gold pieces at shops.

Inventory:

Hand Weapons
 a - a +4 sling
 e - a +0 short sword
 h - a +2 dagger of venom (weapon)
Missiles
 w - 11 poisoned darts (quivered)
Armour
 c - a +0 buckler (worn)
 f - a +2 cloak (worn)
 s - the +0 helmet "Sacsek" (worn) {rN+}
   (You took it off Robin on level 1 of the Dungeon)

   rN:        It protects you from negative energy.
 u - a +0 kite shield
 A - a +0 pair of boots (worn)
 E - the +2 leather armour of the Clean God (worn) {Slay+3}
   (You found it on level 4 of the Dungeon)

   Slay:      It affects your accuracy & damage with ranged weapons and melee
   (+3).
Jewellery
 g - a ring of protection from fire (right hand)
 k - an amulet of regeneration (around neck)
 t - a ring of resist corrosion (left hand)
 D - a ring of ice
Scrolls
 j - 2 scrolls of amnesia
 l - a scroll of poison
 m - a scroll of brand weapon {unknown}
 q - a scroll of immolation {unknown}
 r - 3 scrolls of teleportation
 y - a scroll of enchant weapon
Potions
 b - a potion of magic
 d - a potion of mutation
 i - 5 potions of curing
 n - 2 potions of lignification
 o - 2 potions of flight
 p - 4 potions of brilliance
 v - a potion of heal wounds
 x - a potion of might
 C - a potion of invisibility {unknown}


   Skills:
 - Level 2.9 Fighting
 - Level 4.0 Short Blades
 + Level 6.0 Ranged Weapons
 - Level 2.6 Throwing
 - Level 2.6 Dodging
 - Level 2.1 Stealth
 - Level 2.0 Spellcasting
 - Level 0.7 Conjurations
 - Level 2.4 Air Magic


You had 11 spell levels left.
You didn't know any spells.
Your spell library contained the following spells:

 Spells                   Type           Power      Damage    Failure   Level
 Shock                    Conj/Air       24%        1d4       24%         1
 Static Discharge         Conj/Air       6%         3-4/arc   34%         2
 Apportation              Tloc           2%         N/A       41%         1
 Swiftness                Air            8%         N/A       45%         3
 Call Canine Familiar     Summ           1%         N/A       78%         3
 Gell's Gravitas          Tloc           1%         N/A       78%         3
 Portal Projectile        Hex/Tloc       2%         N/A       78%         3
 Teleport Other           Tloc           1%         N/A       78%         3
 Airstrike                Air            4%         2d(1-17)  86%         4
 Leda's Liquefaction      Hex/Erth       0%         N/A       99%         4
 Alistair's Intoxication  Tmut/Pois      0%         N/A       100%        5
 Dispersal                Tloc           0%         N/A       100%        6


Dungeon Overview and Level Annotations

Branches:
Dungeon (5/15)
 Temple: D:4-7

Altars:
Cheibriados
Ru
Uskayaw
Vehumet
Yredelemnul
Zin
The Shining One

Shops:
D:2 *

Annotations:
D:3 Natasha


Innate Abilities, Weirdness & Mutations

((You are very nimble when in or above water. (Stealth+, EV+, Speed+++)))
Your lower body shifts to a powerful aquatic tail in water.


Message History

The killer bee misses you.
Fire: a) +4 sling
Press: ? - help, Q - select action, (/) - cycle Shift-Dir - straight line, f/p - killer bee
Aim: a killer bee (moderately wounded, 47% to hit)
You shoot a sling bullet. The sling bullet misses the killer bee.
You feel sick. The killer bee stings you!
* * * LOW HITPOINT WARNING * * *
You are more poisoned.
The killer bee poisons you!
The killer bee stings you but does no damage.
The killer bee barely misses you.
Fire: a) +4 sling
Press: ? - help, Q - select action, (/) - cycle Shift-Dir - straight line, f/p - killer bee
Aim: a killer bee (moderately wounded, 47% to hit)
You shoot a sling bullet.
The sling bullet barely misses the killer bee.
* * * LOW HITPOINT WARNING * * *
You feel very sick. The killer bee stings you.
* * * LOW HITPOINT WARNING * * *
The killer bee misses you.
You feel better. You block the killer bee's attack.
The killer bee closely misses you.
Your +2 dagger of venom begins to drip with poison!
h - a +2 dagger of venom (weapon)
The killer bee stings you.
* * * LOW HITPOINT WARNING * * *
You are poisoned.
The killer bee poisons you!
You barely miss the killer bee.
The killer bee is moderately wounded.
You feel very sick. The killer bee barely misses you.
The killer bee misses you.
You miss the killer bee.
The killer bee is moderately wounded.
You feel sick. The killer bee stings you.
* * * LOW HITPOINT WARNING * * *
You are lethally poisoned!
The killer bee poisons you! The killer bee stings you.
You die...

.).......,,,..,,,,#...#
###....[#
...........**,,,,....##
###...#
...........*****#....*
#....# .###......** ###..*
##..... ## *#....#* ##.##
##...#.. #....# #..#
##...###. ##....##
####..###...## #.
#......#######..>...#...##
##
##...........y@.........##
#
##............#####.....##
## ##..........####
####..# ###. ......)....##
##..#####...
......>.....#*
##..........#
......###....#*
##...##....###
.....##*#.....#*
##...####...# ....##
*.......#*##...#* ##..#
.....#*#..y##........#*
#..#


You could see a killer bee.

Vanquished Creatures
  Eustachio (D:5)
  A water moccasin (D:5)
  An ice beast (D:5)
  A necrophage (D:5)
  A scorpion (D:4)
  3 killer bees (D:5)
  A hound (D:4)
  An orc priest (D:5)
  Jessica (D:2)
  Natasha (twice) (D:3)
  Terence (D:2)
  3 orc wizards (D:5)
  Robin (D:1)
  3 gnolls (D:4)
  2 adders
  An ufetubus (D:5)
  A worm (D:4)
  2 dart slugs
  6 orcs
  4 bats
  5 endoplasms
  A giant cockroach (D:2)
  16 goblins
  8 hobgoblins
  7 kobolds
  3 quokkas
  14 ball pythons
  5 frilled lizards
  9 rats
105 creatures vanquished.

Vanquished Creatures (others)
  6 plants (D:2)
6 creatures vanquished.

Grand Total: 111 creatures vanquished

Notes
Turn   | Place    | Note
-------+----------+-------------------------------------------
     0 | D:1      | SnakkuSnakku7 the Merfolk Air Elementalist began the quest
                  | for the Orb.
     0 | D:1      | Reached XP level 1. HP: 13/13 MP: 3/3
    92 | D:1      | Reached skill level 1 in Fighting
   127 | D:1      | Reached XP level 2. HP: 15/22 MP: 5/5
   198 | D:1      | Reached skill level 1 in Short Blades
   537 | D:2      | Found Retec's Assorted Antiques.
   545 | D:2      | Bought a red potion for 17 gold pieces
   545 | D:2      | Bought a bubbling yellow potion for 17 gold pieces
   545 | D:2      | Bought an emerald potion for 17 gold pieces
   646 | D:2      | Reached XP level 3. HP: 27/27 MP: 6/6
   755 | D:2      | Noticed Jessica
   771 | D:2      | Killed Jessica
  1006 | D:2      | Noticed Terence
  1019 | D:2      | Killed Terence
  1020 | D:2      | Reached XP level 4. HP: 27/33 MP: 7/7
  1028 | D:2      | Identified the +0 helmet "Sacsek" {rN+}
  1028 | D:2      | Noticed Robin
  1351 | D:1      | Killed Robin
  1805 | D:2      | Found a faded altar of an unknown god.
  1850 | D:2      | Reached XP level 5. HP: 40/40 MP: 8/8
  2160 | D:2      | Bought a scroll labelled HERUIT CUKIT for 19 gold pieces
  2160 | D:2      | Bought a scroll labelled NUFELO ETTAGAU for 19 gold pieces
  2160 | D:2      | Bought a scroll labelled HERUIT CUKIT for 19 gold pieces
  2160 | D:2      | Bought a scroll labelled PAPSIOV WENY for 19 gold pieces
  2160 | D:2      | Bought a scroll labelled RONTEE MEXAOPN for 19 gold pieces
  2324 | D:3      | Reached skill level 1 in Throwing
  2520 | D:3      | Noticed Natasha
  2528 | D:3      | Killed Natasha
  2587 | D:3      | Noticed Natasha
  2594 | D:3      | Killed Natasha
  2937 | D:3      | Noticed Natasha
  3120 | D:3      | Found a radiant altar of Vehumet.
  3517 | D:4      | Reached skill level 1 in Ranged Weapons
  3517 | D:4      | Reached XP level 6. HP: 46/46 MP: 9/9
  3768 | D:4      | Reached skill level 2 in Ranged Weapons
  3917 | D:4      | Found a basalt altar of Yredelemnul.
  3917 | D:4      | Found a sacrificial altar of Ru.
  4002 | D:4      | Identified the +2 leather armour of the Clean God {Slay+3}
  4123 | D:4      | Found a hide-covered altar of Uskayaw.
  4125 | D:4      | Found a glowing golden altar of the Shining One.
  4140 | D:4      | Found a snail-covered altar of Cheibriados.
  4182 | D:4      | Found a glowing silver altar of Zin.
  4303 | D:4      | Became a worshipper of Ru the Awakened
  4511 | D:5      | Entered Level 5 of the Dungeon
  4520 | D:5      | Reached skill level 3 in Ranged Weapons
  4587 | D:5      | Noticed a water moccasin
  4605 | D:5      | Killed a water moccasin
  4606 | D:5      | Reached XP level 7. HP: 8/51 MP: 10/10
  4717 | D:5      | Noticed Eustachio
  4762 | D:5      | Killed Eustachio
  4763 | D:5      | Reached skill level 4 in Ranged Weapons
  5009 | D:5      | Reached skill level 5 in Ranged Weapons
  5149 | D:5      | Reached XP level 8. HP: 57/57 MP: 11/11
  5255 | D:5      | Reached skill level 6 in Ranged Weapons
  5261 | D:5      | Slain by a killer bee

Illustrated notes

Levels and vault maps discovered:
D:1:      minmay_arrival_three_doors, layout_rooms, chequers_decorated_corner
D:2:      minmay_thinvault, layout_basic,
          shapermc_ecumenical_altar_mp_ritualfount, serial_bayou,
          serial_bayou_ford_a, serial_bayou_pond_c, serial_bayou_lake_a,
          serial_bayou_pond_a, serial_bayou_pond_a, serial_bayou_shore_b,
          serial_shops, shop_statue, uniq_terence, uniq_jessica, uniq_robin
D:3:      minmay_evil_eye, layout_basic, nicolae_vehumet_radiance, uniq_natasha
D:4:      layout_gridville, nicolae_overflow_hidden_temple,
          nicolae_overflow_quartered_altars
D:5:      layout_layer_cave, chequers_serial_rivers_large_a, uniq_eustachio

Skill      XL: |  1  2  3  4  5  6  7  8 |
---------------+-------------------------+-----
Fighting       | 1 2 |  2.9
Short Blades   | 2 4 |  4.0
Throwing       | 2 |  2.6
Ranged Weapons | 1 3 5 6 |  6.0
Dodging        | |  2.6
Stealth        | |  2.1
Spellcasting   | |  2.0
Conjurations   | |  0.7
Air Magic      | |  2.4

Action                   |  1- 3 |  4- 6 |  7- 9 || total
-------------------------+-------+-------+-------++-------
Melee: Dagger            |    52 |   146 |     2 ||   200
       Short sword       |     4 |       |       ||     4
       Tailslap          |     2 |       |       ||     2
       Unarmed           |       |       |    38 ||    38
 Fire: Sling             |       |    79 |    88 ||   167
 Cast: Shock             |     3 |       |       ||     3
  Use: Scroll            |       |    12 |     3 ||    15
       Potion            |       |       |     2 ||     2
 Stab: Sleeping          |     8 |     6 |       ||    14
Armor: Robe              |     4 |    20 |       ||    24
       Ring mail         |       |    12 |       ||    12
       Leather armour    |       |    14 |    45 ||    59
       Skin              |       |       |    55 ||    55
Dodge: Dodged            |    28 |   124 |    48 ||   200
Block: Buckler           |     5 |    29 |    22 ||    56
